 Seeded DCSS version 0.30-a0-900-g23479c02f2 (webtiles) character file.

Game seed: 7547814903460644772 (custom seed)

1071 hikkokomori the Nimble (level 8, 0/103 HPs)
             Began as a Merfolk Gladiator on Mar 18, 2023.
             Succumbed to Duvessa's poison
             ... on level 4 of the Dungeon.
             The game lasted 00:05:42 (2944 turns).

hikkokomori the Nimble (Merfolk Gladiator)          Turns: 2944, Time: 00:05:42

Health: 0/103      AC:  5    Str: 13 (15) XL:     8   Next: 28%
Magic:  15/15      EV: 16    Int:  4 (7)  God:
Gold:   246        SH:  5    Dex: 16 (17) Spells: 16/16 levels left

rFire   . . .      SeeInvis .    a - +0 long sword
rCold   . . .      Faith    .    u - +0 buckler
rNeg    . . .      Spirit   .    b - +0 leather armour
rPois   .          Reflect  .    c - +0 helmet
rElec   .          Rampage  .    y - +0 cloak
rCorr   .                        (no gloves)
Will    .....                    (no boots) Stlth
                                 (no amulet)
HPRegen 0.37/turn                (no ring)
MPRegen 0.14/turn                (no ring)

@: brilliant, berserking, lethally poisoned (0 -> -2), hasted, very quick
A: (nimble swimmer 2), mertail
a: no special abilities


You were on level 4 of the Dungeon.
You visited 1 branch of the dungeon, and saw 4 of its levels.
You also visited: Sewer.

You collected 246 gold pieces.

Inventory:

Hand Weapons
 a - a +0 long sword (weapon)
 j - a +4 dagger
Missiles
 d - 2 throwing nets (quivered)
Armour
 b - a +0 leather armour (worn)
 c - a +0 helmet (worn)
 u - a +0 buckler (worn)
 y - a +0 cloak (worn)
Jewellery
 k - a +6 ring of dexterity
 x - a ring of fire
Scrolls
 f - 4 scrolls of identify {unknown}
 h - a scroll of enchant weapon {unknown}
 i - 2 scrolls of magic mapping
 n - a scroll of immolation {unknown}
 o - a scroll of teleportation
 p - a scroll of poison
 q - a scroll of vulnerability
Potions
 g - 2 potions of haste
 l - a potion of might
 m - a potion of cancellation {unknown}
 w - a potion of heal wounds {unknown}


   Skills:
 + Level 8.6 Fighting
 + Level 9.7 Long Blades
 + Level 3.5 Throwing
 - Level 10.4 Dodging
 + Level 6.4 Stealth
 - Level 5.1 Shields
 - Level 4.6 Spellcasting


You had 16 spell levels left.
You didn't know any spells.
Your spell library contained the following spells:

 Spells                   Type           Power      Damage    Failure   Level
 Lesser Beckoning         Tloc           2%         N/A       65%         2
 Gell's Gravitas          Tloc           1%         N/A       87%         3
 Teleport Other           Tloc           1%         N/A       87%         3


Dungeon Overview and Level Annotations

Branches:
Dungeon (4/15)              Sewer (visited)
 Temple: D:4-7

Altars:
Ashenzari
Makhleb
Wu Jian
Yredelemnul
Zin

Annotations:
D:4 Dowan


Innate Abilities, Weirdness & Mutations

((You are very nimble when in or above water. (Stealth+, EV+, Speed+++)))
Your lower body shifts to a powerful aquatic tail in water.


Message History

Unknown command.
Unknown command.
You barely miss Duvessa.
Duvessa is almost dead.
You feel very sick. The grasping roots constrict you.
* * * LOW HITPOINT WARNING * * *
Duvessa hits you with a +0 rapier of venom.
* * * LOW HITPOINT WARNING * * *
Unknown command.
You feel yourself speed up.
You feel sick. The grasping roots constrict you.
* * * LOW HITPOINT WARNING * * *
Duvessa misses you.
The grasping roots release their grip on you.
It was a potion of brilliance.
You feel clever all of a sudden.
* * * LOW HITPOINT WARNING * * *
You feel sick. Duvessa misses you.
It was a potion of degeneration.
There was something very wrong with that liquid.
You feel weakened.
You feel dopey.
You feel clumsy.
* * * LOW HITPOINT WARNING * * *
You feel sick. You block Duvessa's attack.
It was a potion of berserk rage.
A red film seems to cover your vision as you go berserk!
You feel yourself moving faster!
You feel mighty!
* * * LOW HITPOINT WARNING * * *
You feel sick.
You are too berserk!
You hit Duvessa.
You kill Duvessa!
Dowan screams, "No!
No!"
Dowan seems to find hidden reserves of power!
You barely miss Dowan.
Dowan is moderately wounded.
* * * LOW HITPOINT WARNING * * *
You feel sick. Dowan completely misses you.
You slash Dowan!
Dowan is severely wounded.
You die...

*,***,,,,>,* *,***,** *,
*,**....,,,* *,,,,,* *,
*,**#..,,,** *****,* *,
*,**#..,,** ##+## *,
*,,,...,,* ##...## *,
****#.#### ##.)...## *,
#.##.## ##..)....## **,
#####.#...####.........#***,,
#....(.....e@'.........+,,,,,
#.###.#...####.........#***,,
*,*#.....## ##.......## **,
*,*#.#..## ##.....## **
*,*#....# ##...## #.###.#.#
##+## #.......######## #.#
#####[)...^....# #.#
#......###.###.##


You could see Dowan (fast).

Vanquished Creatures
  Duvessa (D:4)
  Pargi (Sewer)
  An ogre (D:4)
  2 scorpions (D:4)
  A hound (D:4)
  Jessica (D:2)
  2 orc wizards (D:3)
  5 adders
  A worm (D:2)
  3 orcs
  5 ball pythons
  4 bats
  4 endoplasms
  6 giant cockroaches
  9 hobgoblins
  3 jackals (D:2)
  2 quokkas (D:2)
  4 frilled lizards
  10 goblins
  6 kobolds
  5 rats
76 creatures vanquished.

Notes
Turn   | Place    | Note
-------+----------+-------------------------------------------
     0 | D:1      | hikkokomori the Merfolk Gladiator began the quest for the
                  | Orb.
     0 | D:1      | Reached XP level 1. HP: 16/16 MP: 1/1
    64 | D:1      | Found a faded altar of an unknown god.
   155 | D:1      | Reached XP level 2. HP: 23/23 MP: 2/2
   561 | D:2      | Noticed Jessica
   564 | D:2      | Reached XP level 3. HP: 12/28 MP: 3/3
   584 | D:2      | Killed Jessica
   599 | D:2      | Reached XP level 4. HP: 16/35 MP: 4/4
  1496 | D:3      | Reached skill level 5 in Dodging
  1496 | D:3      | Reached XP level 5. HP: 39/41 MP: 5/5
  1518 | D:3      | Reached skill level 10 in Dodging
  1518 | D:3      | Reached XP level 6. HP: 36/57 MP: 6/6
  1601 | D:3      | Found a broken altar of Ashenzari.
  1709 | D:3      | Found an ornate altar of the Wu Jian Council.
  2221 | D:4      | Found a glowing drain.
  2225 | Sewer    | Entered a sewer
  2226 | Sewer    | Reached skill level 5 in Shields
  2226 | Sewer    | Reached XP level 7. HP: 63/63 MP: 6/14
  2300 | Sewer    | Noticed Pargi
  2307 | Sewer    | Killed Pargi
  2642 | D:4      | Found a glowing silver altar of Zin.
  2645 | D:4      | Found a burning altar of Makhleb.
  2646 | D:4      | Noticed an angel
  2646 | D:4      | Noticed an Executioner
  2738 | D:4      | Found a basalt altar of Yredelemnul.
  2764 | D:4      | Noticed Dowan
  2768 | D:4      | Noticed Duvessa
  2850 | D:4      | Reached XP level 8. HP: 34/69 MP: 15/15
  2938 | D:4      | HP: 3/69 [constriction (4)]
  2942 | D:4      | Killed Duvessa
  2943 | D:4      | HP: 1/103 [poisoned by Duvessa]
  2944 | D:4      | Succumbed to Duvessa's poison

Illustrated notes

Levels and vault maps discovered:
D:1:      lordsloth_arrival_two_stooges, layout_basic,
          chequers_ecumenical_altar_simple
D:2:      layout_loops_ring, uniq_jessica
D:3:      layout_rooms, ashenzari_conservatory_becter,
          pdpol_wu_jian_five_deadly_venoms, kennysheep_generic_room_14
D:4:      layout_loops_corners, grunt_temple_overflow_order_and_chaos_2,
          kennysheep_mini_moat, nemelex_xobeh_ov_fountains_minmay,
          gup_sewer_entry_spiral, uniq_robin, uniq_edmund, uniq_duvessa

Skill      XL: |  1  2  3  4  5  6 |
---------------+-------------------+-----
Long Blades    | 4 9 |  9.7
Fighting       | 3 8 |  8.6
Throwing       | 3 |  3.5
Dodging        | 5 10 | 10.4
Stealth        | 6 |  6.4
Shields        | 5 |  5.1
Spellcasting   | 4 |  4.6

Action                     |  1- 3 |  4- 6 |  7- 9 || total
---------------------------+-------+-------+-------++-------
  Melee: Long sword        |    65 |   119 |    76 ||   260
         Tailslap          |       |     3 |       ||     3
  Throw: Throwing net      |     3 |       |       ||     3
         Javelin           |     1 |       |     1 ||     2
    Use: Potion            |       |     3 |     5 ||     8
         Scroll            |       |     5 |       ||     5
   Stab: Held in net/web   |     1 |       |       ||     1
         Sleeping          |       |     1 |     5 ||     6
 Armour: Leather armour    |    23 |    26 |    11 ||    60
  Dodge: Dodged            |    53 |    87 |    55 ||   195
  Block: Buckler           |       |       |    23 ||    23

Table legend: (Time is in decaauts)
 A = Elapsed time spent in this place.
 B = Non-inter-level travel time spent in this place.
 C = Inter-level travel time spent in this place.
 D = Time resting spent in this place.
 E = Time spent auto-exploring this place.
 F = Levels seen in this place.
 G = Mean time per level.
                   A        B        C        D        E       F      G
               +--------+--------+--------+--------+--------+-----+--------+
         Total |   2933 |   2852 |     81 |     34 |   2132 |   5 |  586.6 |
       Dungeon |   2777 |   2696 |     81 |     34 |   2016 |   4 |  694.2 |
         Sewer |    156 |    156 |      0 |      0 |    115 |   1 |  156.0 |
               +--------+--------+--------+--------+--------+-----+--------+

Top non-repeatable levels by time:
     D:2: 863 daAuts
     D:3: 711 daAuts
     D:4: 633 daAuts
     D:1: 569 daAuts
   Sewer: 156 daAuts
